 Dungeon Sprint DCSS version 0.21.0-37-g46506fa (webtiles) character file.

60 wojtek the Cudgeler (level 4, -1/35 HPs)
             Began as a Formicid Fighter on Jan 30, 2018.
             Killed from afar by an oklob sapling priest (9 damage)
             ... with a splash of acid
             ... in the Dungeon (Sprint IV: "Fedhas' Mad Dash").
             The game lasted 00:00:35 (696 turns).

wojtek the Cudgeler (Formicid Fighter)               Turns: 696, Time: 00:00:35

Health: -1/35      AC:  6    Str: 22    XL:     4   Next: 25%
Magic:  3/4        EV:  8    Int:  7    God:
Gold:   51         SH:  9    Dex: 10    Spells: 3/3 levels left

rFire    . . .     SeeInvis +   a - +0 flail
rCold    . . .     Gourm    .   c - +0 shield
rNeg     . . .     Faith    .   b - +0 scale mail
rPois    .         Spirit   .   (helmet unavailable)
rElec    .         Reflect  .   (no cloak)
rCorr    .         Harm     .   (no gloves)
MR       .....                  (no boots)
Stlth    ..........             m - amulet of invisibility {+Inv}
HPRegen  0.11/turn              (no ring)
MPRegen  0.09/turn              (no ring)

@: very slightly contaminated
A: permanent stasis, dig shafts and tunnels, four strong arms, antennae 3
a: Dig, Evoke Invisibility


You were in the Dungeon.
You were not hungry.

You visited 1 branch You collected 51 gold pieces.

Inventory:

Hand Weapons
 a - a +0 flail (weapon)
Armour
 b - a +0 scale mail (worn)
 c - a +0 shield (worn)
Jewellery
 m - the amulet of invisibility (around neck) {+Inv}
   (You found it in the Dungeon)

   [amulet of nothing]

   It lets you turn invisible.
Scrolls
 k - a scroll of blinking
 l - a scroll of immolation {unknown}
Potions
 d - a potion of might
 e - a potion of curing
 g - a potion of heal wounds
 h - a potion of haste
 i - 2 potions of magic
 j - a potion of berserk rage
Comestibles
 f - a ration


   Skills:
 - Level 3.2 Fighting
 + Level 7.8 Maces & Flails
 - Level 3.2 Armour
 - Level 3.6 Shields


You had 3 spell levels left.
You didn't know any spells.

Dungeon Overview and Level Annotations

Branches:
Dungeon (1/1)

Altars:
Cheibriados
Dithmenos
Elyvilon
Gozag
Hepliaklqana
Kikubaaqudgha
Makhleb
Nemelex Xobeh
Okawaru
Qazlal
Ru
Sif Muna
Trog
Uskayaw
Vehumet
Wu Jian
Xom
Yredelemnul
Zin
The Shining One
Beogh
Jiyva
Lugonu

Annotations:
D exclusion: oklob sapling


Innate Abilities, Weirdness & Mutations

You cannot be hasted, slowed, berserked, paralysed or teleported.
You can dig through walls and to a lower floor.
Your four strong arms can wield two-handed weapons with a shield.
You have a pair of large antennae on your head. (SInv)


Message History

The oklob sapling priest is lightly damaged.
You catch the helpless oklob sapling priest completely off-guard!
You hit the oklob sapling priest but do no damage.
The oklob sapling priest is lightly damaged.
You thump the oklob sapling priest!
The oklob sapling priest is heavily damaged.
You hit the oklob sapling priest but do no damage.
The oklob sapling priest is heavily damaged.
You strike the helpless oklob sapling priest from behind!
You hit the oklob sapling priest but do no damage.
The oklob sapling priest is heavily damaged.
You flicker back into view.
You hit the oklob sapling priest but do no damage.
The oklob sapling priest is heavily damaged.
The oklob sapling priest spits acid at you.
The splash of acid hits you!
You are splashed with acid!
The acid burns!
* * * LOW HITPOINT WARNING * * *
The oklob sapling priest spits acid at you.
The splash of acid hits you!
You die...

########################
....#.....#.⌠._._._._.⌠.
....'.#.).'.._._._._._..
....#.#...#..._.@P_._...
########+##.._._._._._..
#._._._._._.⌠. {
############## { { { {


You could see an oklob sapling priest.

Vanquished Creatures
  A worker ant (D)
  An oklob sapling (D)
  A river rat (D)
  A rat (D)
4 creatures vanquished.

Notes
Turn   | Place    | Note
-------+----------+-------------------------------------------
     0 | D        | wojtek the Formicid Fighter began the quest for the Orb.
     0 | D        | Reached XP level 1. HP: 18/18 MP: 1/1
    14 | D        | Reached skill level 4 in Maces & Flails
    14 | D        | Reached XP level 2. HP: 17/24 MP: 2/2
   105 | D        | Noticed an oklob sapling
   108 | D        | Killed an oklob sapling
   108 | D        | Reached skill level 6 in Maces & Flails
   108 | D        | Reached XP level 3. HP: 4/29 MP: 3/3
   380 | D        | Found the amulet of invisibility {+Inv}
   393 | D        | Reached skill level 7 in Maces & Flails
   393 | D        | Reached XP level 4. HP: 23/35 MP: 4/4
   682 | D        | Found an opulent altar of Gozag.
   682 | D        | Found a hazy altar of Hepliaklqana.
   682 | D        | Found a burning altar of Makhleb.
   682 | D        | Found a sparkling altar of Nemelex Xobeh.
   682 | D        | Found a sacrificial altar of Ru.
   682 | D        | Found a deep blue altar of Sif Muna.
   682 | D        | Found an ornate altar of the Wu Jian Council.
   682 | D        | Found a shimmering altar of Xom.
   682 | D        | Found a basalt altar of Yredelemnul.
   683 | D        | Found a viscous altar of Jiyva.
   683 | D        | Found a roughly hewn altar of Beogh.
   683 | D        | Found a snail-covered altar of Cheibriados.
   683 | D        | Found a bloodstained altar of Trog.
   683 | D        | Noticed an oklob sapling priest
   684 | D        | Found an iron altar of Okawaru.
   684 | D        | Found a shadowy altar of Dithmenos.
   684 | D        | Found a glowing silver altar of Zin.
   685 | D        | Found a hide-covered altar of Uskayaw.
   685 | D        | Found an ancient bone altar of Kikubaaqudgha.
   686 | D        | Found a stormy altar of Qazlal.
   686 | D        | Found a glowing golden altar of the Shining One.
   686 | D        | Found a white marble altar of Elyvilon.
   687 | D        | Found a radiant altar of Vehumet.
   687 | D        | Found a corrupted altar of Lugonu.
   696 | D        | Killed from afar by an oklob sapling priest

Skill      XL: |  1  2  3 |
---------------+----------+-----
Maces & Flails | 4 6 7 |  7.8
Fighting       | |  3.2
Armour         | |  3.2
Shields        | |  3.6

Action                   |  1- 3 |  4- 6 || total
-------------------------+-------+-------++-------
Melee: Flail             |    24 |     7 ||    31
 Abil: Evoke Invisibilit |       |     1 ||     1
 Stab: Invisible         |       |     2 ||     2
Armor: Scale mail        |     9 |       ||     9
Dodge: Dodged            |     3 |       ||     3
Block: Shield            |    15 |       ||    15
